Unix NetHack Version 3.7.0-73 Work-in-progress - last build Feb 17 2023 02:16:44 (48fe2e8c4a70f1d2d5b622443eb9b5bc1b8d05f7,branch:master). Game began 2023-03-01 01:36:19, ended 2023-03-01 01:51:55. Guthix, neutral male human Priest ----- |....# |...|# |.<.|## |...| ## |...+#### ----- |...| # ##-.e.. --+-- ## |..f| |:..+ ....| ----- Guthix the Acolyte St:11 Dx:11 Co:13 In:11 Wi:18 Ch:12 Neutral S:473 Dlvl:4 $:43 HP:0(24) Pw:25(25) AC:2 Xp:3/70 T:2049 Fainting Latest messages: q - an opera cloak. What do you want to wear? [q or ?*] Suddenly you cannot see yourself. You are now wearing a cloak of invisibility. You hit the floating eye. You are frozen by the floating eye's gaze! The housecat bites the floating eye. The housecat bites the floating eye. The housecat is frozen by the floating eye's gaze! You hear the chime of a cash register. You are beginning to feel weak. You can move again. You hit the floating eye! You are frozen by the floating eye's gaze! The housecat bites the floating eye. The housecat is frozen by the floating eye's gaze! You can move again. You miss the floating eye. What do you want to eat? [ef or ?*] This clove of garlic is delicious! You are still weak. What do you want to eat? [f or ?*] This sprig of wolfsbane is delicious! What do you want to eat? [f or ?*] This sprig of wolfsbane is delicious! You only feel hungry now. You miss the floating eye. You miss the floating eye. You are frozen by the floating eye's gaze! You are beginning to feel weak. You hear the chime of a cash register. The iguana bites! The iguana bites! The iguana bites! The iguana bites! The iguana misses! The iguana bites! The iguana bites! The iguana bites! The iguana misses! The iguana bites! The iguana bites! The iguana bites! The iguana bites! You die... Do you want your possessions identified? [ynq] (y) Do you want to see your attributes? [ynq] (y) Do you want an account of creatures vanquished? [ynaq] (y) Do you want to see your conduct and achievements? [ynq] (y) Do you want to see the dungeon overview? [ynq] (y) Inventory: Coins $ - 43 gold pieces Weapons a - a blessed +1 mace (weapon in hand) Armor r - a blessed +1 orcish helm (being worn) q - a +0 cloak of invisibility (being worn) s - a +0 Hawaiian shirt with a sea turtle motif (being worn) p - a +0 elven mithril-coat (being worn) Scrolls l - a scroll of charging Potions j - a cursed potion of healing n - a potion of object detection d - 4 potions of holy water Tools o - a mirror Gems/Stones k - a worthless piece of yellowish brown glass Guthix the Priest's attributes: Background: You were an Acolyte, a level 3 human Priest. You were neutral, nominally on a mission for Ishtar who was opposed by Anu (lawful) and Anshar (chaotic). You were in the Dungeons of Doom, on level 4. You entered the dungeon 2049 turns ago. It was nighttime. You had 70 experience points, 10 more were needed to attain level 4. Your score was 473 before end-of-game adjustments. Basics: You had 0 out of 24 hit points. You had all 25 energy points (spell power). Your armor class was 2. Your wallet contained 43 zorkmids. Autopickup was off. Final Characteristics: Your strength was 11 (base:12, limit:18/100). Your dexterity was 11 (limit:18). Your constitution was 13 (limit:18). Your intelligence was 11 (limit:18). Your wisdom was 18 (limit:18). Your charisma was 12 (limit:18). Final Status: You were fainting due to starvation. You were unencumbered. You were wielding a mace. You had basic skill with mace. Final Attributes: You were devoutly aligned. You were invisible. You were guarded. You are dead. Miscellaneous: You never encountered a bones level. Total elapsed playing time was 15 minutes and 18 seconds. Major events: Turn 1: Guthix the neutral human Priest entered the dungeon 995: attained the rank of Acolyte (level 3) 2049: killed by an iguana, while frozen by a floating eye's gaze Vanquished creatures: a water nymph a giant bat 2 iguanas an acid blob a coyote a hobbit a hobgoblin a giant rat a green mold a gnome zombie 2 geckos 3 jackals a fox 2 kobolds 2 goblins a sewer rat 5 grid bugs 2 bats 2 lichens a kobold zombie 2 newts 34 creatures vanquished. No species were genocided or became extinct. Voluntary challenges: You were an atheist. You were illiterate. You never engraved Elbereth. You never genocided any monsters. You never polymorphed an object. You never changed form. You used no wishes. Achievement: You attained the rank of Acolyte. The Dungeons of Doom: levels 1 to 4 Level 1: A sink. Level 2: Level 3: Level 4: <- You were here. Final resting place for you, killed by an iguana, while frozen by a floating eye's gaze. Game over: ---------- / \ / REST \ / IN \ / PEACE \ / \ | Guthix | | 43 Au | | killed by an | | iguana | | | | | | 2023 | *| * * * | * _________)/\\_//(\/(/\)/\//\/|_)_______ Goodbye Guthix the Priest... You died in The Dungeons of Doom on dungeon level 4 with 469 points, and 43 pieces of gold, after 2049 moves. You were level 3 with a maximum of 24 hit points when you died.